 Dungeon Crawl Stone Soup version 0.31.0-32-g396128a36d (webtiles) character file.

Game seed: 11079768093157670599

2858 spaghetti the Protected (level 9, -4/75 HPs)
             Began as a Tengu Berserker on Mar 22, 2024.
             Was a Priest of Trog.
             Slain by a yak (11 damage)
             ... on level 9 of the Dungeon.
             The game lasted 00:06:22 (6627 turns).

spaghetti the Protected (Tengu Berserker)           Turns: 6627, Time: 00:06:22

Health: -4/75      AC:  4    Str: 22    XL:     9   Next: 75%
Magic:  0/10       EV: 17    Int:  8    God:    Trog [***...]
Gold:   379        SH:  0    Dex: 23    Spells: 8/8 levels left

rFire   . . .        m - +9 whip of the Inquisitive Spines {holy, rCorr Str+4}
rCold   . . .        (no shield)
rNeg    . . .        b - +0 animal skin
rPois   .            (helmet restricted)
rElec   +            (no cloak)
rCorr   +            e - +0 pair of gloves {Stlth+}
SInv    .            (boots unavailable)
Will    .....        u - amulet "Wanizet" {Spirit rElec} Stlth
                     f - +6 ring of dexterity
HPRegen 0.32/turn    (no ring)
MPRegen 0.12/turn

%: acrobat, guardian spirit
@: berserking (expiring), flying, studying Armour, very quick
A: beak, talons 3, evasive flight, acrobatic
a: Renounce Religion, Berserk, Trog's Hand


You were on level 9 of the Dungeon.
You worshipped Trog.
Trog was most pleased with you.
You visited 1 branch of the dungeon, and saw 9 of its levels.

You collected 379 gold pieces.

Inventory:

Hand Weapons
 a - a +1 falchion
 m - the +9 whip of the Inquisitive Spines (weapon) {holy, rCorr Str+4}
   (You found it on level 4 of the Dungeon)

   Str+4:     It affects your strength (+4).
   rCorr:     It protects you from acid and corrosion.
Armour
 b - a +0 animal skin (worn)
 e - a +0 pair of gloves of stealth (worn)
Jewellery
 f - a +6 ring of dexterity (left hand)
 k - an amulet of guardian spirit
 u - the amulet "Wanizet" (around neck) {Spirit rElec}
   (You found it on level 8 of the Dungeon)

   [amulet of guardian spirit]

   Spirit:    It causes incoming damage to be divided between your reserves of
   health and magic.
   rElec:     It insulates you from electricity.
Wands
 s - a wand of paralysis (6)
 v - a wand of flame (16)
Scrolls
 c - 2 scrolls of teleportation
 d - 2 scrolls of noise
 g - 2 scrolls of fog
 i - 2 scrolls of identify
 j - 3 scrolls of revelation
 l - a scroll of vulnerability
 t - a scroll of butterflies
 x - a scroll of torment
Potions
 h - 5 potions of curing
 n - 2 potions of brilliance
 o - a potion of lignification
 p - 2 potions of heal wounds
 q - 2 potions of ambrosia
 r - 3 potions of enlightenment
 w - 3 potions of haste


   Skills:
 - Level 3.0 Fighting
 - Level 7.4 Long Blades
 + Level 12.4 Armour
 - Level 2.1 Dodging
 + Level 9.2 Stealth


You had 8 spell levels left.
You didn't know any spells.
Your spell library was empty.

Dungeon Overview and Level Annotations

Branches:
Dungeon (9/15)             Temple (0/1) D:5
   Lair: D:8-11         Orc: D:9-12

Altars:
Dithmenos
Kikubaaqudgha

Shops:
D:1 =

Annotations:
D:4 1 runed translucent door, gamers12's ghost, weakling MfGl
D:6 2 transporters
D:8 Erica; Maurice


Innate Abilities, Weirdness & Mutations

You have a beak for a mouth.
You have claws for feet.
Your magical flight helps you evade attacks. (EV +4)
You can magically evade attacks while moving or waiting.


Message History

You are too injured to fight recklessly!
You are too injured to fight recklessly!
You are too injured to fight recklessly!
You are too injured to fight recklessly!
You are too injured to fight recklessly!
You are too injured to fight recklessly!
You are too injured to fight recklessly!
You are too injured to fight recklessly!
You are too injured to fight recklessly!
You are too injured to fight recklessly!
You are too injured to fight recklessly!
You are too injured to fight recklessly!
You are too injured to fight recklessly!
You are too injured to fight recklessly!
You are too injured to fight recklessly!
You hit the yak.
The yak is almost dead.
The yak gores you. The yak gores you! x2
* * * LOW HITPOINT WARNING * * *
A red film seems to cover your vision as you go berserk!
You feel yourself moving faster!
You feel mighty! The yak gores you.
* * * LOW HITPOINT WARNING * * *
The yak closely misses you. x2
You barely miss the yak. Your kick misses the yak. Your peck misses the yak.
The yak is almost dead.
The yak misses you. The yak gores you but does no damage. The yak misses you.
You whack the yak!
You kill the yak!
Trog accepts your kill. The yak closely misses you.
The yak gores you but does no damage.
You whack the yak! Your kick misses the yak. Your peck misses the yak.
The yak is lightly wounded.
The yak misses you. The yak barely misses you.
You whack the yak! Your kick misses the yak. You peck the yak!
The yak is severely wounded.
You thrash the yak!!
You kill the yak!
Trog accepts your kill. The yak gores you!
You die...

##......#
#...........##..#
##.....#
#...........##..#
##....#
#...........###.#
#....#
#..........## #.###
##...# #.....%....#
##.#. ##..#
#.........## #.#.
#..## #........##
#.'. ##..###
#.†.....## ###.
#....###.@....## #.
##......#..Y.### ##
#...###...#### # #
#...# ###...### #
### #..##
###...#### # ..###
#..# ###....###
....###..#
#.......#### ##
.....##.##
#............####.
........#
#..................


You could see a yak.

Vanquished Creatures
  2 yaks (D:9)
  Edmund (D:5)
  A water moccasin (D:6)
  2 sky beasts (D:6)
  An ice beast (D:6)
  An orc warrior (D:8)
  3 centaurs
  A phantom (D:4)
  3 bullfrogs
  3 scorpions
  8 wights (D:9)
  2 howler monkeys (D:9)
  2 vampire bats (D:3)
  A sleepcap (D:7)
  2 gnoll boudas
  4 hounds
  3 jellies
  2 orc priests
  Terence (D:2)
  3 iguanas
  4 orc wizards
  14 gnolls
  7 adders
  A white imp (D:6)
  2 ribbon worms (D:4)
  A dart slug (D:5)
  17 orcs
  11 ball pythons
  4 bats
  A bat skeleton (D:3)
  5 bat zombies (D:3)
  5 endoplasms
  3 giant cockroaches
  12 goblins
  9 hobgoblins
  4 jackals (D:5)
  5 quokkas
  3 frilled lizards
  2 kobolds
  5 rats
161 creatures vanquished.

Notes
Turn   | Place    | Note
-------+----------+-------------------------------------------
     0 | D:1      | spaghetti the Tengu Berserker began the quest for the Orb.
     0 | D:1      | Reached XP level 1. HP: 14/14 MP: 2/2
   198 | D:1      | Reached XP level 2. HP: 18/19 MP: 3/3
   243 | D:1      | Found Kumir's Jewellery Shoppe.
   765 | D:2      | Noticed Terence
   769 | D:2      | Killed Terence
   770 | D:2      | Reached XP level 3. HP: 23/23 MP: 1/4
   864 | D:2      | Reached skill level 5 in Long Blades
  1044 | D:2      | Reached XP level 4. HP: 25/28 MP: 5/5
  1703 | D:3      | Reached XP level 5. HP: 32/32 MP: 6/6
  1710 | D:3      | Reached ** piety under Trog
  1794 | D:3      | Found an ancient bone altar of Kikubaaqudgha.
  1804 | D:3      | Reached XP level 6. HP: 35/37 MP: 7/7
  2385 | D:4      | Reached skill level 1 in Stealth
  2403 | D:4      | Noticed gamers12's ghost (weakling MfGl)
  2515 | D:4      | Identified the +9 whip of the Inquisitive Spines {holy,
                  | rCorr Str+4}
  2691 | D:4      | Found a runed translucent door.
  2953 | D:4      | Found a glowing drain.
  2956 | D:4      | Reached *** piety under Trog
  3043 | D:5      | Entered Level 5 of the Dungeon
  3078 | D:5      | Reached skill level 3 in Armour
  3078 | D:5      | Gained mutation: Your magical flight helps you evade
                  | attacks. (EV +4) [Tengu growth]
  3078 | D:5      | Reached XP level 7. HP: 41/41 MP: 6/8
  3129 | D:5      | Reached skill level 4 in Armour
  3286 | D:5      | Identified the +0 whip "Grim Tooth" {pain, rPois rC+ Int+4}
  3365 | D:5      | Found a staircase to the Ecumenical Temple.
  3501 | D:5      | Noticed Edmund
  3513 | D:5      | Killed Edmund
  3514 | D:5      | Reached skill level 5 in Armour
  3767 | D:6      | Reached skill level 6 in Armour
  3773 | D:6      | Reached skill level 5 in Stealth
  3774 | D:6      | Reached XP level 8. HP: 46/46 MP: 7/9
  3865 | D:6      | Reached skill level 7 in Armour
  4063 | D:6      | Reached skill level 8 in Armour
  4239 | D:6      | Found a transporter.
  4241 | D:6      | Found a shadowy altar of Dithmenos.
  4246 | D:6      | Reached skill level 9 in Armour
  4364 | D:6      | Found a transporter.
  4364 | D:6      | Identified the +7 quarterstaff "Stringbean" {flame, rPois
                  | Str+3 Stlth-}
  4499 | D:6      | Reached XP level 9. HP: 37/50 MP: 7/10
  4635 | D:7      | Reached skill level 10 in Armour
  5409 | D:8      | Identified the amulet "Wanizet" {Spirit rElec}
  5418 | D:8      | Reached skill level 11 in Armour
  5559 | D:8      | Noticed Erica
  5561 | D:8      | Noticed Maurice
  5567 | D:8      | HP: 2/75 [something (2)]
  6024 | D:9      | Reached skill level 12 in Armour
  6627 | D:9      | Slain by a yak

Illustrated notes

Levels and vault maps discovered:
D:1:      ncdulo_watergridlock, layout_rooms, serial_forest,
          infiniplex_forest_diagonal, infiniplex_forest_end_double,
          infiniplex_forest_corner_1, infiniplex_forest_clump_small,
          infiniplex_forest_lined_3, infiniplex_forest_clump_tiny,
          infiniplex_forest_pool, infiniplex_forest_lined_2, serial_shops,
          nicolae_shop_peninsula, hangedman_abyss_or_decor_lesser_grid,
          minmay_tromino_v2
D:2:      layout_basic, minmay_misc_feat_five, minmay_puff, uniq_terence
D:3:      kennysheep_the_goblin_king, layout_loops_cross,
          kennysheep_vampire_church
D:4:      layout_cave_pools, portal_sewer_entry_b,
          hellmonk_ghost_happy_afterlife
D:5:      layout_basic, minmay_temple_entry_tees, lemuel_flame_loot_1,
          uniq_edmund
D:6:      gammafunk_cloud_chamber, layout_rooms, grunt_dithmenos_smoke
D:7:      layout_cave_pools
D:8:      layout_rooms, gammafunk_ghost_grave, amcnicky_mini_pool_small,
          uniq_maurice, uniq_erica
D:9:      layout_cave_pods, kennysheep_generic_room_13

Skill      XL: |  1  2  3  4  5  6  7  8  9 |
---------------+----------------------------+-----
Long Blades    | 4 5 6 7 |  7.4
Stealth        | 3 5 7 9 |  9.2
Armour         | 3 6 9 12 | 12.4
Fighting       | |  3.0
Dodging        | |  2.1

Action                     |  1- 3 |  4- 6 |  7- 9 || total
---------------------------+-------+-------+-------++-------
  Melee: Falchion          |    46 |    97 |       ||   143
         Kick              |     9 |    30 |    57 ||    96
         Peck              |     4 |    22 |    31 ||    57
         Whip              |       |    34 |   184 ||   218
         Punch             |       |       |     2 ||     2
 Invoke: Berserk           |     2 |     3 |     9 ||    14
    Use: Potion            |     3 |     3 |     4 ||    10
         Scroll            |       |     8 |     5 ||    13
   Stab: Sleeping          |     1 |    10 |    17 ||    28
         Distracted        |       |     1 |       ||     1
 Armour: Animal skin       |    22 |    76 |    92 ||   190
  Dodge: Dodged            |    37 |   107 |   171 ||   315
